 Dungeon Crawl Stone Soup version 0.18.1-50-g88ac8fd (webtiles) character file.

37153 magog001 the Peltast (level 13, -20/195 HPs)
             Began as a Minotaur Fighter on Aug 26, 2018.
             Was a High Priest of Nemelex Xobeh.
             Killed from afar by an ogre mage (42 damage)
             ... with a crystal spear
             ... on level 14 of the Dungeon.
             The game lasted 01:27:24 (16350 turns).

magog001 the Peltast (Minotaur Fighter)            Turns: 16350, Time: 01:27:25

Health: -20/195    AC: 24    Str: 31    XL:     13   Next: 56%
Magic:  23/23      EV: 10    Int:  7    God:    Nemelex Xobeh [*****.]
Gold:   519        SH: 15    Dex: 12    Spells: 0 memorised, 12 levels left

rFire  + . .     SeeInvis +     u - +8 hand axe of the Final Decision {flame, MP+9 Stlth+}
rCold  + . .     Gourm    .     X - +4 scale mail
rNeg   . . .     Faith    .     c - +0 shield
rPois  .         Spirit   .     (helmet restricted)
rElec  .         Dismiss  .     P - +2 cloak {rC+}
rCorr  .         Reflect  .     (no gloves)
SustAt .         Harm     .     F - +2 pair of boots
MR     .....                    (no amulet)
Stlth  ..........               Z - ring of see invisible
                                T - +2 ring of slaying

@: berserking, very quick, not resistant to hostile enchantments, extremely
unstealthy
A: retaliatory headbutt, horns 2, talons 1, iridescent scales 1, see invisible,
agile 1, clever 1, fire resistance 1, robust 1, no device heal 1
a: Triple Draw, Deal Four, Stack Five, Renounce Religion


You were on level 14 of the Dungeon.
You worshipped Nemelex Xobeh.
Nemelex Xobeh was extremely pleased with you.
You were not hungry.

You visited 1 branch of the dungeon, and saw 14 of its levels.
You also visited: Ossuary and Ice Cave.

You collected 850 gold pieces.
You spent 331 gold pieces at shops.

Inventory:

Hand Weapons
 u - the +8 hand axe of the Final Decision (weapon) {flame, MP+9 Stlth+}
   (You bought it in a shop on level 7 of the Dungeon)

   It has been specially enchanted to burn those struck by it, causing extra
   injury to most foes and up to half again as much damage against particularly
   susceptible opponents.
   Big, fiery blades are also staple armaments of hydra-hunters.
   It affects your magic capacity (+9).
   It makes you more stealthy.
 K - a +0 blowgun
Missiles
 L - 3 poisoned needles
Armour
 c - a +0 shield (worn)
 F - a +2 pair of boots (worn)
 M - a +0 pair of boots of flying
 P - a +2 cloak of cold resistance (worn)
 X - a +4 scale mail (worn)
Jewellery
 z - an uncursed ring of magical power
 T - a +2 ring of slaying (left hand)
 Z - a ring of see invisible (right hand)
Wands
 i - a wand of digging (0/24)
 r - a wand of lightning (1/15)
 J - a wand of flame (0/48)
 O - a wand of lightning (6/15)
 W - a wand of disintegration (5/24)
Scrolls
 d - 2 scrolls of remove curse
 g - 6 scrolls of teleportation
 t - 3 scrolls of identify
 B - a scroll of amnesia
 H - 2 scrolls of magic mapping
 R - 2 scrolls of fog
 S - 3 scrolls of blinking
 V - a scroll of fear
Potions
 h - 2 potions of might
 n - a potion of magic
 o - a potion of invisibility
 A - 2 potions of brilliance
 G - 2 potions of resistance
 I - a potion of haste
 N - a potion of cure mutation
 Y - 2 potions of agility
Miscellaneous
 b - a plain deck of escape {drawn: 1}
 e - a plain deck of war
 j - a plain deck of changes {drawn: 1}
 k - a lamp of fire
 m - a plain deck of destruction
 q - an ornate deck of destruction
 v - an ornate deck of destruction
 C - an ornate deck of escape {drawn: 2}
 E - a plain deck of war {drawn: 5}
 U - a legendary deck of escape {drawn: 1}
Comestibles
 f - 12 bread rations
 l - 14 fruits
 p - 4 beef jerkies


   Skills:
 * Level 12.7 Fighting
 * Level 14.4 Axes
 + Level 1.3 Throwing
 * Level 13.3 Armour
 * Level 15.0 Shields
 + Level 3.0 Evocations


You had 12 spell levels left.
You didn't know any spells.

Dungeon Overview and Level Annotations

Branches:
Dungeon (14/15)            Temple (0/1) D:6            Lair (0/8) D:8
    Orc (0/2) D:10         Vaults (0/5) D:14

Altars:
Dithmenos
Fedhas
Gozag
Nemelex Xobeh
Okawaru
Pakellas
Qazlal
Sif Muna
Trog
Vehumet
Zin

Shops:
D:4 ?   D:5 *   D:7 !*   D:10 [

Annotations:
D:10 3 runed doors


Innate Abilities, Weirdness & Mutations

You reflexively headbutt those who attack you in melee.
You have a pair of horns on your head.
You have sharp toenails.
You are partially covered in iridescent scales (AC +4).
You have supernaturally acute eyesight.
You are agile. (Dex +2)
Your mind is acute. (Int +2)
Your flesh is heat resistant.
You are robust (+10% HP).
Potions and wands are less effective at restoring your health.


Message History

You slash the yaktaur! You burn the yaktaur.
You kill the yaktaur!
Drink which item? (? for menu, Esc to quit)
A red film seems to cover your vision as you go berserk!
You feel yourself moving faster!
You feel mighty!
The ogre mage shouts!
You slash the ogre! You burn the ogre.
The ogre is heavily wounded.
You block the ogre's attack.
You slash the ogre! You burn the ogre. You headbutt the ogre.
You kill the ogre!
You block the orc warrior's attack.
Items here: $ ( )) † a giant club; an uncursed arbalest; 12 bolts; 22 gold pieces; an ogre corpse You slice the orc warrior!!
You burn the orc warrior.
You kill the orc warrior!
The ogre mage casts a spell at you. The crystal spear hits you!
You die...
Your body disappears without a glow.

...#######,,,,,,,,,,,,,,,,,,*,,,,
#..#.....#,,,,,,,,,,,,,,,,,,*,,,,
#..#.....###,,,,,,,,,,,,,,,,*,,,,
+..#.......#######,,#******,*,,,,
#..#.))....#∩....#,.#,,,,,*,*,,,,
#..#..)#'###..#.##,.#*,*,,*,*,,,*
...#...#...#)#)#.#..#,#,*,#,*,,,*
...'...#...#.(##)#..#.##,,#.*,,,*
...#...#...#.#))@.......*,#.#####
...#...#...#####(#..#.#####!....,
...#...#.......................#*
...#...#........O.......,,,,*#.#
...#...###+#####.#..#.##*****#.#
####....,,,*,*,.........*,* #.#
,,,......,,*,,*#.#..#.##,,* #.#
,,,,,,,,,,,*,*,#.#..#.#,*,* #.#
,,,,,,,,,,,*,,*.##..#*.*,,* #.#


You could see an ogre mage.

Vanquished Creatures
  A frost giant (IceCv)
  The ghost of magog001 the Fighter, a journeyman HOFi of Nemelex Xobeh (D:12)
  The ghost of Amnesiac the Brilliant, a journeyman VSAr of Pakellas (IceCv)
  A death knight (D:13)
  A centaur warrior (D:14)
  Erica (D:8)
  A fire crab (D:13)
  An orange crystal statue (D:10)
  A deep elf archer (D:14)
  8 hill giants
  An orc knight (D:14)
  A deep elf mage (D:14)
  10 ugly things
  An orb spider (IceCv)
  2 cyclopes
  Joseph (D:10)
  An ice statue (IceCv)
  A gargoyle (D:13)
  2 kobold demonologists (D:11)
  4 yaktaurs (D:14)
  A rime drake (IceCv)
  2 ice devils (D:14)
  9 polar bears (IceCv)
  3 two-headed ogres
  A two-headed ogre (shapeshifter) (IceCv)
  A troll (D:13)
  A raiju (IceCv)
  3 slime creatures (D:14)
  A spriggan (D:7)
  A centaur simulacrum (D:14)
  A vampire (D:14)
  18 yaks
  2 basilisks
  A fire bat (IceCv)
  A wraith (D:14)
  A wyvern (D:14)
  The ghost of pedritolo the Shooter, an amateur CeHu (D:6)
  A hippogriff (shapeshifter) (D:14)
  A hippogriff (D:13)
  The ghost of magog001 the Vandal, an amateur HaHu (D:3)
  A mottled dragon (D:14)
  3 water moccasins
  5 porcupines
  A sky beast (D:14)
  6 orc warriors
  3 ice beasts
  2 black bears
  4 necrophages
  2 wasps
  An eye of draining (IceCv)
  10 ogres
  3 phantoms
  A wolf (shapeshifter) (IceCv)
  2 wolves (IceCv)
  14 centaurs
  6 crocodiles
  An elf zombie (Ossuary)
  5 giant frogs
  4 big kobolds
  2 wyvern skeletons
  A scorpion (D:7)
  3 killer bees (D:9)
  8 wights
  4 howler monkeys (D:9)
  7 electric eels
  8 crimson imps
  A giant frog zombie (D:5)
  10 hounds
  3 centaur zombies
  6 orc priests
  A human zombie (Ossuary)
  2 jellies
  4 centaur skeletons
  3 giant frog skeletons
  3 iguanas
  10 orc wizards
  7 worker ants
  A big kobold zombie (Ossuary)
  2 mummies (Ossuary)
  A hound zombie (D:8)
  A worker ant zombie (D:5)
  Robin (D:4)
  A howler monkey skeleton (D:11)
  14 adders
  A gnoll (D:6)
  2 river rats (D:8)
  A shadow imp (D:6)
  An ooze (D:5)
  3 adder zombies
  2 adder skeletons
  A worm (D:3)
  8 giant geckos
  43 orcs
  A ball python (D:1)
  8 giant cockroaches
  16 goblins
  8 hobgoblins
  16 jackals
  17 kobolds
  8 quokkas
  2 bats
  4 giant newts
  4 goblin zombies (Ossuary)
  9 hobgoblin zombies (Ossuary)
  A jackal zombie (Ossuary)
  9 kobold zombies (Ossuary)
  7 orc zombies (Ossuary)
  A quokka skeleton (D:7)
  8 rats
451 creatures vanquished.

Vanquished Creatures (collateral kills)
  A yak (D:8)
  An orc warrior (D:13)
  An orc (D:13)
  A rat (D:8)
4 creatures vanquished.

Vanquished Creatures (others)
  5 plants (D:8)
5 creatures vanquished.

Grand Total: 460 creatures vanquished

Notes
Turn   | Place    | Note
--------------------------------------------------------------
     0 | D:1      | magog001 the Minotaur Fighter began the quest for the Orb.
     0 | D:1      | Reached XP level 1. HP: 19/19 MP: 0/0
   114 | D:1      | Found a sparkling altar of Nemelex Xobeh.
   123 | D:1      | Became a worshipper of Nemelex Xobeh the Trickster
   345 | D:1      | Reached XP level 2. HP: 27/27 MP: 1/1
   371 | D:1      | Reached skill level 4 in Shields
   518 | D:1      | Received a gift from Nemelex Xobeh
   914 | D:2      | Reached XP level 3. HP: 32/33 MP: 2/2
   939 | D:2      | Received a gift from Nemelex Xobeh
   956 | D:2      | Found a faded altar to an unknown god.
   960 | D:2      | Reached * piety under Nemelex Xobeh
  1623 | D:3      | Reached XP level 4. HP: 36/40 MP: 3/3
  2298 | D:3      | Noticed magog001's ghost (amateur HaHu)
  2312 | D:3      | Killed magog001's ghost
  2312 | D:3      | Reached skill level 5 in Armour
  2312 | D:3      | Reached skill level 5 in Shields
  2312 | D:3      | Reached XP level 5. HP: 34/47 MP: 4/4
  2513 | D:4      | Found Zuad's Magic Scroll Shop.
  2520 | D:4      | Reached ** piety under Nemelex Xobeh
  2578 | D:4      | Bought a scroll of identify for 28 gold pieces
  2586 | D:4      | Received a gift from Nemelex Xobeh
  2641 | D:4      | Received a gift from Nemelex Xobeh
  2701 | D:4      | Noticed Robin
  2705 | D:4      | Reached XP level 6. HP: 53/53 MP: 5/5
  2719 | D:4      | Killed Robin
  2937 | D:4      | Bought a scroll of noise for 14 gold pieces
  2937 | D:4      | Bought a scroll of immolation for 49 gold pieces
  3111 | D:4      | Gained mutation: Your mind is acute. (Int +2) [potion of mutation]
  3111 | D:4      | Gained mutation: You are agile. (Dex +2) [potion of mutation]
  3111 | D:4      | Gained mutation: You have sharp toenails. [potion of mutation]
  3112 | D:4      | Gained mutation: You are occasionally teleported next to monsters. [potion of mutation]
  3112 | D:4      | Gained mutation: Your flesh is heat resistant. [potion of mutation]
  3112 | D:4      | Gained mutation: You are robust (+10% HP). [potion of mutation]
  3120 | D:4      | Lost mutation: You have sharp toenails. [potion of cure mutation]
  3120 | D:4      | Lost mutation: You are agile. (Dex +2) [potion of cure mutation]
  3120 | D:4      | Lost mutation: Your flesh is heat resistant. [potion of cure mutation]
  3120 | D:4      | Lost mutation: You are occasionally teleported next to monsters. [potion of cure mutation]
  3205 | D:4      | Found a stormy altar of Qazlal.
  3213 | D:4      | Found a sparkling altar of Nemelex Xobeh.
  3213 | D:4      | Found a shadowy altar of Dithmenos.
  3374 | D:5      | Entered Level 5 of the Dungeon
  3467 | D:5      | Reached skill level 5 in Fighting
  3741 | D:5      | Found a deep blue altar of Sif Muna.
  3769 | D:5      | Reached skill level 6 in Shields
  3769 | D:5      | Reached XP level 7. HP: 67/67 MP: 6/6
  3789 | D:5      | Received a gift from Nemelex Xobeh
  3821 | D:5      | Reached skill level 5 in Axes
  3927 | D:5      | Reached *** piety under Nemelex Xobeh
  3948 | D:5      | Got a smoking robe
  3959 | D:5      | Identified the +2 robe of the Hills {rCorr SInv} (You found it on level 5 of the Dungeon)
  3974 | D:5      | Found a blossoming altar of Fedhas.
  4004 | D:5      | Found a glowing silver altar of Zin.
  4071 | D:5      | Found Zin's Purification Station.
  4286 | D:6      | Found a staircase to the Ecumenical Temple.
  4433 | D:6      | Noticed pedritolo's ghost (amateur CeHu)
  4451 | D:6      | Killed pedritolo's ghost
  4558 | D:6      | Found an iron altar of Okawaru.
  4558 | D:6      | Found a bloodstained altar of Trog.
  4600 | D:6      | Reached skill level 7 in Shields
  4602 | D:6      | Reached XP level 8. HP: 75/77 MP: 7/7
  5209 | D:7      | Found Tauxokhla's Assorted Antiques.
  5524 | D:7      | Received a gift from Nemelex Xobeh
  5543 | D:7      | Reached skill level 8 in Shields
  5860 | D:7      | Reached XP level 9. HP: 78/86 MP: 8/8
  5893 | D:7      | Found a radiant altar of Vehumet.
  6067 | D:7      | Found a bloodstained altar of Trog.
  6151 | D:7      | Found Feujaops's Distillery.
  6227 | D:7      | Found an opulent altar of Gozag.
  6462 | D:7      | Bought a crude hand axe for 240 gold pieces
  6462 | D:7      | Identified the +8 hand axe of the Final Decision {flame, MP+9 Stlth+} (You bought it in a shop on level 7 of the Dungeon)
  6598 | D:8      | Reached skill level 1 in Throwing
  6614 | D:8      | Found a staircase to the Lair.
  6630 | D:8      | Reached skill level 9 in Shields
  6649 | D:8      | Reached skill level 10 in Shields
  6650 | D:8      | Reached XP level 10. HP: 28/96 MP: 9/9
  6652 | D:8      | Noticed a brown ugly thing
  6667 | D:8      | Found a sand-covered staircase.
  6679 | Ossuary  | Entered an ossuary
  6985 | Ossuary  | Reached **** piety under Nemelex Xobeh
  7190 | D:8      | Got a brightly glowing shortbow
  7206 | D:8      | Received a gift from Nemelex Xobeh
  7312 | D:8      | Reached skill level 10 in Armour
  7329 | D:8      | Noticed Erica
  7346 | D:8      | Killed Erica
  7749 | D:9      | Received a gift from Nemelex Xobeh
  7751 | D:9      | Noticed a purple ugly thing
  7763 | D:9      | Killed a purple ugly thing
  7763 | D:9      | Reached skill level 10 in Axes
  7916 | D:9      | Reached skill level 11 in Shields
  8302 | D:9      | Received a gift from Nemelex Xobeh
  8554 | D:9      | Found an oddly glowing altar of Pakellas.
  8840 | D:10     | Entered Level 10 of the Dungeon
  8841 | D:10     | Found Ekennopa's Armour Emporium.
  8865 | D:10     | Found a runed door.
  8890 | D:10     | Reached ***** piety under Nemelex Xobeh
  8890 | D:10     | Noticed an orange crystal statue
  8905 | D:10     | Noticed Joseph
  8944 | D:10     | Killed Joseph
  9070 | D:10     | Found a runed door.
  9071 | D:10     | Received a gift from Nemelex Xobeh
  9083 | D:10     | Reached XP level 11. HP: 98/105 MP: 10/10
  9354 | D:10     | Found a runed door.
  9444 | D:10     | Found a runed door.
  9446 | D:10     | Noticed a hill giant
  9460 | D:10     | Killed a hill giant
  9713 | D:10     | Noticed a hill giant
  9724 | D:10     | Killed a hill giant
  9742 | D:10     | Found a staircase to the Orcish Mines.
  9773 | D:10     | Reached skill level 12 in Shields
  9921 | D:10     | Reached skill level 10 in Fighting
 10262 | D:10     | Noticed a hill giant
 10551 | D:10     | Killed an orange crystal statue
 10551 | D:10     | Reached skill level 1 in Evocations
 10812 | D:11     | Received a gift from Nemelex Xobeh
 10882 | D:11     | Noticed a hill giant
 10891 | D:11     | Killed a hill giant
 11014 | D:11     | Noticed a hill giant
 11025 | D:11     | Killed a hill giant
 11162 | D:11     | Received a gift from Nemelex Xobeh
 11314 | D:12     | Noticed magog001's ghost (journeyman HOFi)
 11348 | D:12     | Killed magog001's ghost
 11984 | D:12     | Received a gift from Nemelex Xobeh
 12081 | D:12     | Noticed a green ugly thing
 12091 | D:12     | Killed a green ugly thing
 12091 | D:12     | Reached skill level 13 in Shields
 12095 | D:12     | Gained mutation: Your flesh is heat resistant. [mutagenic meat]
 12096 | D:12     | Gained mutation: You are agile. (Dex +2) [mutagenic meat]
 12097 | D:12     | Gained mutation: You have supernaturally acute eyesight. [mutagenic meat]
 12098 | D:12     | Gained mutation: You have sharp toenails. [mutagenic meat]
 12307 | D:12     | Noticed a green ugly thing
 12318 | D:12     | Killed a green ugly thing
 12446 | D:12     | Noticed a hill giant
 12455 | D:12     | Killed a hill giant
 12455 | D:12     | Reached XP level 12. HP: 102/118 MP: 12/12
 13396 | D:13     | Received a gift from Nemelex Xobeh
 13457 | D:13     | Noticed a death knight
 13484 | D:13     | Killed a death knight
 13791 | D:13     | Received a gift from Nemelex Xobeh
 14267 | D:14     | Found an oddly glowing altar of Pakellas.
 14294 | D:14     | Found a frozen archway.
 14382 | IceCv    | Entered an ice cave
 14852 | IceCv    | Received a gift from Nemelex Xobeh
 14862 | IceCv    | Reached skill level 14 in Shields
 15195 | IceCv    | Noticed a frost giant
 15201 | IceCv    | Reached XP level 13. HP: 128/128 MP: 14/14
 15245 | IceCv    | HP: 9/288 [frost giant/battleaxe of freezing (22)]
 15245 | IceCv    | HP: 4/288 [frost giant/battleaxe of freezing (5)]
 15247 | IceCv    | Killed a frost giant
 15690 | IceCv    | Noticed Amnesiac's ghost (journeyman VSAr)
 15725 | IceCv    | Killed Amnesiac's ghost
 16172 | D:14     | Gained mutation: You are partially covered in iridescent scales (AC +4). [potion of beneficial mutation]
 16256 | D:14     | Found a gate to the Vaults.
 16327 | D:14     | Gained mutation: Potions and wands are less effective at restoring your health. [helix card]
 16337 | D:14     | Reached skill level 15 in Shields
 16350 | D:14     | Killed from afar by an ogre mage

Skill      XL: |  1  2  3  4  5  6  7  8  9 10 11 12 13 |
---------------+----------------------------------------+-----
Shields        | 4 5 6 7 8 10 11 13 14 15 | 15.0
Fighting       | 4 5 7 8 9 10 11 12 | 12.7
Armour         | 4 5 6 8 9 10 11 13 | 13.3
Axes           | 3 4 5 7 8 10 12 13 14 | 14.4
Throwing       | 1 |  1.3
Evocations     | 1 2 3 |  3.0

Action                   |  1- 3 |  4- 6 |  7- 9 | 10-12 | 13-15 || total
-------------------------+-------+-------+-------+-------+-------++-------
Melee: War axe           |   106 |   119 |   171 |       |       ||   396
       Headbutt          |    13 |    24 |    34 |   144 |    51 ||   266
       Hand axe          |       |       |    43 |   664 |   221 ||   928
Throw: Tomahawk          |       |       |     5 |     2 |     5 ||    12
       Throwing net      |       |       |       |       |     1 ||     1
Evoke: Deck              |       |       |     1 |    23 |     8 ||    32
       Wand              |       |       |       |    12 |     3 ||    15
       Lamp of fire      |       |       |       |     1 |       ||     1
  Use: Scroll            |       |     9 |     7 |    10 |     1 ||    27
       Potion            |       |    12 |     2 |    11 |    10 ||    35
  Eat: Chunk             |     2 |     7 |     3 |    12 |       ||    24
       Pizza             |       |       |     2 |     1 |       ||     3
       Royal jelly       |       |       |     1 |       |       ||     1
       Meat ration       |       |       |     1 |     3 |       ||     4
       Bread ration      |       |       |       |       |     2 ||     2
Armor: Scale mail        |     8 |       |       |    35 |    57 ||   100
       Ring mail         |    36 |    33 |       |       |       ||    69
       Plate armour      |       |     9 |   123 |   191 |       ||   323
       Skin              |       |       |       |     4 |    14 ||    18
Dodge: Dodged            |    37 |    32 |    47 |    99 |    50 ||   265
Block: Shield            |    53 |    67 |   147 |   306 |   129 ||   702
